Montreal Canadiens vs Boston Bruins
Created - Sunday, February 16, 2025 at 09:15
Goals
|
| Montreal Canadiens |
0 |
0 |
1 |
1 |
| Boston Bruins |
1 |
2 |
1 |
4 |
|
Shots
|
| Montreal Canadiens |
9 |
15 |
8 |
32 |
| Boston Bruins |
11 |
7 |
18 |
36 |
|
1st period
1. Boston Bruins , Ryan Strome 1 (John-Jason Peterka 3, Alex Newhook 5) at 10:09
Penalties :
Damon Severson (MTL) for Roughing (Minor) at 8:02
2nd period
2. Boston Bruins , Vincent Trocheck 7 (Jonathan Marchessault 6, Torey Krug 4) at 11:26 (PP)
3. Boston Bruins , Evander Kane 4 (Joel Farabee 6, Alex Newhook 6) at 13:49 (PP)
Penalties :
Evander Kane (BOS) for Holding (Minor) at 6:20, Justin Faulk (MTL) for Holding (Minor) at 10:44, Dylan Larkin (MTL) for High sticking (Minor) at 13:09, Ethen Frank (MTL) for Tripping (Minor) at 18:01
3rd period
4. Boston Bruins , John-Jason Peterka 3 (Ryan Strome 2) at 3:32
5. Montreal Canadiens , Vladimir Tarasenko 3 (Dylan Larkin 6, Justin Faulk 2) at 8:22
Penalties :
Anders Lee (BOS) for Fighting (Major) at 0:46, Adam Fox (MTL) for Fighting (Major) at 0:46, Damon Severson (MTL) for Tripping (Minor) at 3:39, Yegor Zamula (BOS) for High sticking (Minor) at 16:15
Goalie Stats
John Gibson (MTL), 32 saves from 36 shots - (0.889), L, 5-3-1, 60:00 minutes
Pyotr Kochetkov (BOS), 31 saves from 32 shots - (0.969), W, 5-0-1, 60:00 minutes
Players Stats for Montreal Canadiens
Player Name G A P +/- PIM S H SB GA TA FO MP PP MP PK MP
------------------------------------------------------------------------------------
Adam Fox 0 0 0 -1 5 0 1 1 0 2 0/0 16:42 2:00 0:22
Alex Iafallo 0 0 0 0 0 1 0 0 0 0 0/0 12:21 0:00 3:38
Aliaksei Protas 0 0 0 -1 0 0 2 0 0 1 0/2 18:57 1:57 3:31
Andreas Athanasiou 0 0 0 0 0 0 2 0 0 0 0/0 9:35 0:00 0:00
Brady Skjei 0 0 0 0 0 1 0 3 0 1 0/0 26:38 1:58 4:02
Damon Severson 0 0 0 -1 4 0 1 0 0 1 0/0 16:45 1:58 0:58
Dylan Larkin 0 1 1 1 2 1 0 0 3 0 17/30 18:37 2:01 0:00
Ethen Frank 0 0 0 0 2 0 1 0 0 0 3/5 9:04 0:00 0:00
Evgeni Dadonov 0 0 0 -1 0 5 0 0 1 1 0/0 9:12 0:00 0:10
Ilya Lyubushkin 0 0 0 -1 0 2 2 1 0 0 0/0 18:51 0:00 3:55
Jack Johnson 0 0 0 0 0 0 0 0 0 0 0/0 20:59 0:00 1:33
Jake Evans 0 0 0 -1 0 1 1 0 0 0 8/16 17:00 0:00 3:31
Juraj Slafkovsky 0 0 0 1 0 0 1 0 0 1 0/1 18:38 2:01 0:00
Justin Faulk 0 1 1 0 2 2 2 0 0 0 0/0 20:20 2:00 3:48
Martin Necas 0 0 0 -1 0 8 1 0 1 0 0/1 15:04 1:57 0:00
Patrik Laine 0 0 0 -1 0 3 1 0 1 0 1/2 12:01 1:57 0:10
Teddy Blueger 0 0 0 0 0 4 3 2 0 0 3/8 13:13 0:00 3:38
Vladimir Tarasenko 1 0 1 1 0 4 0 2 1 0 0/1 18:38 2:01 0:00
Players Stats for Boston Bruins
Player Name G A P +/- PIM S H SB GA TA FO MP PP MP PK MP
------------------------------------------------------------------------------------
Alex Newhook 0 2 2 0 0 3 3 1 1 0 12/24 20:20 4:12 1:55
Alex Vlasic 0 0 0 2 0 3 1 0 0 0 0/0 23:11 3:55 1:55
Anders Lee 0 0 0 0 5 1 1 0 1 0 0/0 11:23 0:00 0:00
Andrew Copp 0 0 0 0 0 2 1 1 0 0 0/0 18:38 3:07 1:55
Cam York 0 0 0 2 0 1 1 0 0 0 0/0 23:11 3:55 1:55
Connor Clifton 0 0 0 0 0 0 1 0 1 2 0/0 14:23 0:00 0:00
Eetu Luostarinen 0 0 0 0 0 1 0 0 0 0 1/4 8:39 0:00 0:00
Evander Kane 1 0 1 0 2 4 1 1 0 0 0/2 18:24 4:12 0:00
Joel Farabee 0 1 1 0 0 2 0 0 3 0 0/0 18:21 4:12 0:00
John-Jason Peterka 1 1 2 1 0 5 1 0 0 0 1/2 12:16 0:00 0:00
Jonathan Marchessault 0 1 1 0 0 4 1 1 1 0 0/1 18:45 3:07 2:03
Michael Rasmussen 0 0 0 1 0 1 0 0 0 1 0/0 9:31 0:00 0:00
Morgan Geekie 0 0 0 0 0 1 1 1 0 0 0/0 8:39 0:00 0:00
Ryan Lindgren 0 0 0 -1 0 0 2 0 0 2 0/0 22:26 3:24 2:03
Ryan Strome 1 1 2 1 0 3 0 0 0 1 6/11 12:16 0:00 0:00
Torey Krug 0 1 1 -1 0 2 2 1 0 1 0/0 22:26 3:24 2:03
Vincent Trocheck 1 0 1 0 0 2 4 2 0 0 14/22 18:45 3:07 2:03
Yegor Zamula 0 0 0 0 2 1 1 0 0 0 0/0 14:25 0:00 0:00
3 Stars
1 - Pyotr Kochetkov (BOS)
2 - John-Jason Peterka (BOS)
3 - Ryan Strome (BOS)
Power Play
Montreal Canadiens - 0 on 2 Attempt(s) - 0.00%
Boston Bruins - 2 on 5 Attempt(s) - 40.00%
Penalty Kill
Montreal Canadiens - 3 on 5 Attempt(s) - 60.00%
- Score 0 goal in Penalty Kill
Boston Bruins - 2 on 2 Attempt(s) - 100.00%
- Score 0 goal in Penalty Kill
Team Stat
Montreal Canadiens - Hits : 18 - Faceoff Wins : 32 - Blocked Shots : 9 - Penalty Minutes : 15
Boston Bruins - Hits : 21 - Faceoff Wins : 34 - Blocked Shots : 8 - Penalty Minutes : 9
Official
Referees : Conor O'Donnell and Brandon Schrader
Linesman : CJ Murray and Ryan Gibbons
Game Notes
Anders Lee and Adam Fox fight to a draw at 0:46 of 3rd period
Finance
Level 1 -- Attendance: 4952 (82.53%) -- Ticket Income $495,200
Level 2 -- Attendance: 3430 (68.60%) -- Ticket Income $205,800
Level 3 -- Attendance: 2094 (69.80%) -- Ticket Income $73,290
Level 4 -- Attendance: 3504 (70.08%) -- Ticket Income $87,600
Luxury Box -- Attendance: 700 (70.00%) -- Ticket Income $140,000
Game was played at the TD Garden.
Total Attendance: 14680 (73.40%)
Total Ticket Income: $1,001,890
Other Income: $350,662
Total Income: $1,352,552
Montreal Canadiens
5 vs 5 Forward
Center Left Wing Right Wing Time % Phy DF OF
1 Dylan Larkin Juraj Slafkovsky Vladimir Tarasenko 40 1 2 2
2 Jake Evans Aliaksei Protas Martin Necas 30 1 2 2
3 Teddy Blueger Patrik Laine Andreas Athanasiou 20 1 2 2
4 Ethen Frank Evgeni Dadonov Alex Iafallo 10 1 2 2
5 vs 5 Defense
Defense Defense Time % Phy DF OF
1 Brady Skjei Justin Faulk 30 1 4 0
2 Damon Severson Jack Johnson 30 1 4 0
3 Adam Fox Ilya Lyubushkin 25 1 4 0
4 Brady Skjei Jack Johnson 15 1 4 0
PowerPlay Forward
Center Left Wing Right Wing Time % Phy DF OF
1 Dylan Larkin Juraj Slafkovsky Vladimir Tarasenko 50 0 0 5
2 Patrik Laine Aliaksei Protas Martin Necas 50 0 0 5
PowerPlay Defense
Defense Defense Time % Phy DF OF
1 Justin Faulk Adam Fox 50 0 1 4
2 Brady Skjei Damon Severson 50 0 1 4
Penalty Kill 4 Players Forward
Center Wing Time % Phy DF OF
1 Jake Evans Aliaksei Protas 50 0 5 0
2 Teddy Blueger Alex Iafallo 50 0 5 0
Penalty Kill 4 Players Defense
Defense Defense Time % Phy DF OF
1 Ilya Lyubushkin Justin Faulk 50 1 4 0
2 Brady Skjei Damon Severson 50 1 4 0
Penalty Kill - 3 Players Forward
Forward Time % Phy DF OF
1 Jake Evans 50 0 5 0
2 Teddy Blueger 50 0 5 0
Penalty Kill - 3 Players Defense
Defense Defense Time % Phy DF OF
1 Ilya Lyubushkin Justin Faulk 50 0 5 0
2 Brady Skjei Damon Severson 50 0 5 0
4 vs 4 Forward
Center Wing Time % Phy DF OF
1 Dylan Larkin Martin Necas 50 1 2 2
2 Jake Evans Vladimir Tarasenko 50 1 2 2
4 vs 4 Defense
Defense Defense Time % Phy DF OF
1 Justin Faulk Adam Fox 50 1 4 0
2 Brady Skjei Damon Severson 50 1 4 0
Last Minutes Offensive
Center Left Wing Right Wing Defense Defense
Dylan Larkin Juraj Slafkovsky Vladimir Tarasenko Justin Faulk Adam Fox
Last Minutes Defensive
Center Left Wing Right Wing Defense Defense
Teddy Blueger Aliaksei Protas Jake Evans Ilya Lyubushkin Justin Faulk
Goaltenders
Starting : John Gibson
Backup : David Rittich
Extra Forwards
Normal : Dylan Larkin, Juraj Slafkovsky, Martin Necas - PP : Dylan Larkin, Juraj Slafkovsky - PK : Teddy Blueger
Extra Defensemen
Normal : Brady Skjei, Justin Faulk, Adam Fox - PP : Adam Fox - PK : Justin Faulk, Brady Skjei
Penalty Shots
Dylan Larkin, Vladimir Tarasenko, Martin Necas, Juraj Slafkovsky, Patrik Laine
Scratches
None
Boston Bruins
5 vs 5 Forward
Center Left Wing Right Wing Time % Phy DF OF
1 Vincent Trocheck Jonathan Marchessault Andrew Copp 30 1 2 2
2 Alex Newhook Evander Kane Joel Farabee 30 1 2 2
3 Ryan Strome Anders Lee John-Jason Peterka 25 1 2 2
4 Eetu Luostarinen Michael Rasmussen Morgan Geekie 15 1 2 2
5 vs 5 Defense
Defense Defense Time % Phy DF OF
1 Torey Krug Ryan Lindgren 35 1 2 2
2 Cam York Alex Vlasic 35 1 2 2
3 Connor Clifton Yegor Zamula 30 1 2 2
4 Torey Krug Ryan Lindgren 0 1 2 2
PowerPlay Forward
Center Left Wing Right Wing Time % Phy DF OF
1 Vincent Trocheck Jonathan Marchessault Andrew Copp 50 1 2 2
2 Alex Newhook Evander Kane Joel Farabee 50 1 2 2
PowerPlay Defense
Defense Defense Time % Phy DF OF
1 Torey Krug Ryan Lindgren 50 1 2 2
2 Cam York Alex Vlasic 50 1 2 2
Penalty Kill 4 Players Forward
Center Wing Time % Phy DF OF
1 Vincent Trocheck Jonathan Marchessault 50 1 2 2
2 Alex Newhook Andrew Copp 50 1 2 2
Penalty Kill 4 Players Defense
Defense Defense Time % Phy DF OF
1 Torey Krug Ryan Lindgren 50 1 2 2
2 Cam York Alex Vlasic 50 1 2 2
Penalty Kill - 3 Players Forward
Forward Time % Phy DF OF
1 Vincent Trocheck 50 1 2 2
2 Jonathan Marchessault 50 1 2 2
Penalty Kill - 3 Players Defense
Defense Defense Time % Phy DF OF
1 Torey Krug Ryan Lindgren 50 1 2 2
2 Cam York Alex Vlasic 50 1 2 2
4 vs 4 Forward
Center Wing Time % Phy DF OF
1 Vincent Trocheck Jonathan Marchessault 50 1 2 2
2 Alex Newhook Andrew Copp 50 1 2 2
4 vs 4 Defense
Defense Defense Time % Phy DF OF
1 Torey Krug Ryan Lindgren 50 1 2 2
2 Cam York Alex Vlasic 50 1 2 2
Last Minutes Offensive
Center Left Wing Right Wing Defense Defense
Vincent Trocheck Jonathan Marchessault Andrew Copp Torey Krug Ryan Lindgren
Last Minutes Defensive
Center Left Wing Right Wing Defense Defense
Vincent Trocheck Jonathan Marchessault Andrew Copp Torey Krug Ryan Lindgren
Goaltenders
Starting : Pyotr Kochetkov
Backup : Jacob Markstrom
Extra Forwards
Normal : Anders Lee, Ryan Strome, John-Jason Peterka - PP : Anders Lee, Ryan Strome - PK : John-Jason Peterka
Extra Defensemen
Normal : Connor Clifton, Yegor Zamula, Cam York - PP : Connor Clifton - PK : Yegor Zamula, Cam York
Penalty Shots
Vincent Trocheck, Jonathan Marchessault, Alex Newhook, Andrew Copp, Evander Kane
Scratches
Anthony Beauvillier (Healthy), Drew O'Connor (Healthy), Beck Malenstyn (Healthy), John Ludvig (Healthy), Angus Crookshank (Healthy)
% Time on Ice - Montreal Canadiens
Lines # - Real PCT - Wanted PCT - Time Play
Normal Forward
1 - 35% - 40% - 16:59
2 - 28% - 30% - 13:26
3 - 20% - 20% - 9:35
4 - 18% - 10% - 8:43
Normal Defense
1 - 30% - 30% - 14:33
2 - 29% - 30% - 14:05
3 - 30% - 25% - 14:23
4 - 12% - 15% - 5:42
PP Forward
1 - 51% - 50% - 2:01
2 - 49% - 50% - 1:57
PP Defense
1 - 50% - 50% - 2:00
2 - 50% - 50% - 1:58
PK Forward
1 - 48% - 50% - 3:31
2 - 52% - 50% - 3:48
PK Defense
1 - 46% - 50% - 3:22
2 - 54% - 50% - 3:57
PK3 Forward
1 - 0% - 50%
2 - 0% - 50%
PK3 Defense
1 - 0% - 50%
2 - 0% - 50%
44 Forward
1 - 0% - 50%
2 - 0% - 50%
44 Defense
1 - 0% - 50%
2 - 0% - 50%
Last Minute Offensive - 0:00
Last Minute Defensive - 0:00
Total
Forward - 60:00
Defense - 60:00
|
% Time on Ice - Boston Bruins
Lines # - Real PCT - Wanted PCT - Time Play
Normal Forward
1 - 28% - 30% - 13:35
2 - 29% - 30% - 14:13
3 - 25% - 25% - 12:16
4 - 18% - 15% - 8:39
Normal Defense
1 - 35% - 35% - 16:59
2 - 36% - 35% - 17:21
3 - 30% - 30% - 14:23
4 - 0% - 0% - 0:00
PP Forward
1 - 43% - 50% - 3:07
2 - 57% - 50% - 4:12
PP Defense
1 - 46% - 50% - 3:24
2 - 54% - 50% - 3:55
PK Forward
1 - 52% - 50% - 2:03
2 - 48% - 50% - 1:55
PK Defense
1 - 52% - 50% - 2:03
2 - 48% - 50% - 1:55
PK3 Forward
1 - 0% - 50%
2 - 0% - 50%
PK3 Defense
1 - 0% - 50%
2 - 0% - 50%
44 Forward
1 - 0% - 50%
2 - 0% - 50%
44 Defense
1 - 0% - 50%
2 - 0% - 50%
Last Minute Offensive - 0:00
Last Minute Defensive - 0:00
Total
Forward - 60:00
Defense - 60:00
|
Play-by-Play
1st period
0:01 of 1st period - Vincent Trocheck wins face-off versus Dylan Larkin in neutral zone.
0:12 of 1st period - Off-side.
0:13 of 1st period - Jake Evans wins face-off versus Alex Newhook in neutral zone.
0:16 of 1st period - Slapshot by Martin Necas.
0:16 of 1st period - Stopped by Pyotr Kochetkov without a rebound.
0:17 of 1st period - Alex Newhook wins face-off versus Aliaksei Protas in Boston Bruins zone.
0:50 of 1st period - Snap shot by Andreas Athanasiou.
0:50 of 1st period - Shot Misses the Net.
0:52 of 1st period - Slapshot by Jack Johnson.
0:52 of 1st period - Shot Misses the Net.
1:09 of 1st period - Michael Rasmussen is hit by Ilya Lyubushkin.
1:31 of 1st period - Wrist shot by Jonathan Marchessault.
1:31 of 1st period - Stopped by John Gibson with a rebound.
1:51 of 1st period - Slapshot by Adam Fox.
1:51 of 1st period - Shot Misses the Net.
1:53 of 1st period - Snap shot by Martin Necas.
1:53 of 1st period - Stopped by Pyotr Kochetkov without a rebound.
1:54 of 1st period - Ryan Strome wins face-off versus Vladimir Tarasenko in Boston Bruins zone.
2:40 of 1st period - Wrist shot by Jake Evans.
2:40 of 1st period - Stopped by Pyotr Kochetkov without a rebound.
2:41 of 1st period - Alex Newhook wins face-off versus Jake Evans in Boston Bruins zone.
2:55 of 1st period - Wrist shot by Martin Necas.
2:55 of 1st period - Shot Misses the Net.
3:07 of 1st period - Vladimir Tarasenko is hit by Ryan Lindgren and loses puck.
3:22 of 1st period - Jack Johnson is hit by Connor Clifton and loses puck.
3:43 of 1st period - Snap shot by Anders Lee.
3:43 of 1st period - Stopped by John Gibson with a rebound.
4:13 of 1st period - Aliaksei Protas is hit by Alex Vlasic and loses puck.
5:11 of 1st period - Slapshot by Evgeni Dadonov.
5:11 of 1st period - Shot Misses the Net.
5:15 of 1st period - Wrist shot by Evgeni Dadonov.
5:15 of 1st period - Stopped by Pyotr Kochetkov with a rebound.
5:17 of 1st period - Slapshot by Brady Skjei.
5:17 of 1st period - Deflect By Evgeni Dadonov.
5:17 of 1st period - Stopped by Pyotr Kochetkov with a rebound.
5:19 of 1st period - Wrist shot by Alex Iafallo.
5:19 of 1st period - Shot Misses the Net.
5:21 of 1st period - Snap shot by Alex Iafallo.
5:21 of 1st period - Shot Blocked by Torey Krug.
5:55 of 1st period - Eetu Luostarinen is hit by Teddy Blueger.
6:19 of 1st period - Connor Clifton is hit by Juraj Slafkovsky and loses puck.
6:56 of 1st period - Snap shot by Joel Farabee.
6:56 of 1st period - Stopped by John Gibson with a rebound.
7:04 of 1st period - Snap shot by Alex Newhook.
7:04 of 1st period - Shot Misses the Net.
7:24 of 1st period - Wrist shot by Michael Rasmussen.
7:24 of 1st period - Stopped by John Gibson with a rebound.
7:42 of 1st period - Snap shot by Vladimir Tarasenko.
7:42 of 1st period - Shot Misses the Net.
7:44 of 1st period - Snap shot by Ilya Lyubushkin.
7:44 of 1st period - Deflect By Ryan Strome.
7:44 of 1st period - Stopped by Pyotr Kochetkov without a rebound.
7:45 of 1st period - Vincent Trocheck wins face-off versus Teddy Blueger in Boston Bruins zone.
7:52 of 1st period - Justin Faulk is hit by Vincent Trocheck and loses puck.
7:59 of 1st period - Slapshot by Jonathan Marchessault.
7:59 of 1st period - Stopped by John Gibson without a rebound.
8:00 of 1st period - Dylan Larkin wins face-off versus Evander Kane in Montreal Canadiens zone.
8:02 of 1st period - Minor Penalty to Damon Severson for Roughing.
8:03 of 1st period - Jake Evans wins face-off versus Jonathan Marchessault in Montreal Canadiens zone.
8:03 of 1st period - Jake Evans is hit by Jonathan Marchessault.
8:12 of 1st period - Teddy Blueger is hit by Torey Krug and loses puck.
10:02 of 1st period - Penalty to Damon Severson is over, Damon Severson is back on ice.
10:09 of 1st period - Wrist shot by Ryan Strome.
10:09 of 1st period - Goal by Ryan Strome - Montreal Canadiens : 0 - Boston Bruins : 1.
10:10 of 1st period - Ryan Strome wins face-off versus Dylan Larkin in neutral zone.
10:16 of 1st period - Snap shot by Anders Lee.
10:16 of 1st period - Deflect By John-Jason Peterka.
10:16 of 1st period - Shot Misses the Net.
10:16 of 1st period - Puck is out of play.
10:17 of 1st period - Ryan Strome wins face-off versus Dylan Larkin in Montreal Canadiens zone.
12:09 of 1st period - Wrist shot by Evander Kane.
12:09 of 1st period - Stopped by John Gibson without a rebound.
12:10 of 1st period - Vincent Trocheck wins face-off versus Juraj Slafkovsky in Montreal Canadiens zone.
12:11 of 1st period - Slapshot by Jonathan Marchessault.
12:11 of 1st period - Shot Blocked by Vladimir Tarasenko.
12:39 of 1st period - Wrist shot by Martin Necas.
12:39 of 1st period - Stopped by Pyotr Kochetkov without a rebound.
12:40 of 1st period - Alex Newhook wins face-off versus Jake Evans in Boston Bruins zone.
12:59 of 1st period - Brady Skjei is hit by Evander Kane and loses puck.
13:19 of 1st period - Slapshot by Alex Newhook.
13:19 of 1st period - Stopped by John Gibson without a rebound.
13:20 of 1st period - Dylan Larkin wins face-off versus Vincent Trocheck in Montreal Canadiens zone.
13:20 of 1st period - Dylan Larkin is hit by Cam York.
13:43 of 1st period - Icing by Vladimir Tarasenko.
13:44 of 1st period - Ryan Strome wins face-off versus Teddy Blueger in Montreal Canadiens zone.
13:45 of 1st period - Wrist shot by John-Jason Peterka.
13:45 of 1st period - Shot Blocked by Teddy Blueger.
13:47 of 1st period - Slapshot by John-Jason Peterka.
13:47 of 1st period - Stopped by John Gibson without a rebound.
13:48 of 1st period - Teddy Blueger wins face-off versus Ryan Strome in Montreal Canadiens zone.
13:55 of 1st period - Slapshot by Patrik Laine.
13:55 of 1st period - Shot Misses the Net.
14:15 of 1st period - Snap shot by John-Jason Peterka.
14:15 of 1st period - Shot Misses the Net.
14:17 of 1st period - Slapshot by Torey Krug.
14:17 of 1st period - Deflect By Anders Lee.
14:17 of 1st period - Shot Misses the Net.
14:17 of 1st period - Puck is out of play.
14:18 of 1st period - Vincent Trocheck wins face-off versus Dylan Larkin in Montreal Canadiens zone.
14:31 of 1st period - Wrist shot by Vladimir Tarasenko.
14:31 of 1st period - Shot Blocked by Andrew Copp.
14:43 of 1st period - Jack Johnson is hit by Alex Newhook and loses puck.
15:09 of 1st period - Off-side.
15:10 of 1st period - Ethen Frank wins face-off versus Eetu Luostarinen in neutral zone.
15:13 of 1st period - Wrist shot by Alex Iafallo.
15:13 of 1st period - Shot Misses the Net.
16:47 of 1st period - Icing by Cam York.
16:48 of 1st period - Dylan Larkin wins face-off versus Eetu Luostarinen in Boston Bruins zone.
17:03 of 1st period - Slapshot by Eetu Luostarinen.
17:03 of 1st period - Shot Misses the Net.
17:05 of 1st period - Wrist shot by Eetu Luostarinen.
17:05 of 1st period - Stopped by John Gibson without a rebound.
17:06 of 1st period - Vincent Trocheck wins face-off versus Jake Evans in Montreal Canadiens zone.
17:35 of 1st period - Slapshot by Ryan Strome.
17:35 of 1st period - Stopped by John Gibson with a rebound.
17:58 of 1st period - Wrist shot by Martin Necas.
17:58 of 1st period - Deflect By Dylan Larkin.
17:58 of 1st period - Shot Misses the Net.
17:58 of 1st period - Puck is out of play.
17:59 of 1st period - Dylan Larkin wins face-off versus Alex Newhook in Boston Bruins zone.
19:53 of 1st period - Wrist shot by Patrik Laine.
19:53 of 1st period - Stopped by Pyotr Kochetkov with a rebound.
19:55 of 1st period - Wrist shot by Teddy Blueger.
19:55 of 1st period - Stopped by Pyotr Kochetkov without a rebound.
19:56 of 1st period - Teddy Blueger wins face-off versus John-Jason Peterka in Boston Bruins zone.
Goals for this period are 0 for Montreal Canadiens vs 1 for Boston Bruins.
Shots for this period are 9 for Montreal Canadiens vs 11 for Boston Bruins.
2nd period
0:01 of 2nd period - Dylan Larkin wins face-off versus Alex Newhook in neutral zone.
0:14 of 2nd period - Wrist shot by Evander Kane.
0:14 of 2nd period - Stopped by John Gibson without a rebound.
0:15 of 2nd period - Dylan Larkin wins face-off versus Vincent Trocheck in Montreal Canadiens zone.
0:20 of 2nd period - Slapshot by Juraj Slafkovsky.
0:20 of 2nd period - Shot Misses the Net.
1:22 of 2nd period - Justin Faulk is hit by Ryan Lindgren and loses puck.
1:39 of 2nd period - Adam Fox is hit by Vincent Trocheck and loses puck.
1:48 of 2nd period - Jonathan Marchessault is hit by Adam Fox and loses puck.
2:08 of 2nd period - Evander Kane is hit by Justin Faulk and loses puck.
2:12 of 2nd period - Icing by Alex Newhook.
2:13 of 2nd period - Alex Newhook wins face-off versus Dylan Larkin in Boston Bruins zone.
2:17 of 2nd period - Off-side.
2:18 of 2nd period - Vincent Trocheck wins face-off versus Dylan Larkin in neutral zone.
2:23 of 2nd period - Wrist shot by Andrew Copp.
2:23 of 2nd period - Shot Blocked by Vladimir Tarasenko.
2:26 of 2nd period - Icing by Dylan Larkin.
2:27 of 2nd period - Dylan Larkin wins face-off versus Vincent Trocheck in Montreal Canadiens zone.
2:46 of 2nd period - Snap shot by Dylan Larkin.
2:46 of 2nd period - Stopped by Pyotr Kochetkov without a rebound.
2:47 of 2nd period - Alex Newhook wins face-off versus Teddy Blueger in Boston Bruins zone.
2:52 of 2nd period - Wrist shot by Patrik Laine.
2:52 of 2nd period - Stopped by Pyotr Kochetkov without a rebound.
2:53 of 2nd period - Teddy Blueger wins face-off versus Alex Newhook in Boston Bruins zone.
2:56 of 2nd period - Wrist shot by Patrik Laine.
2:56 of 2nd period - Stopped by Pyotr Kochetkov with a rebound.
3:00 of 2nd period - Snap shot by Teddy Blueger.
3:00 of 2nd period - Shot Misses the Net.
3:02 of 2nd period - Wrist shot by Teddy Blueger.
3:02 of 2nd period - Stopped by Pyotr Kochetkov without a rebound.
3:03 of 2nd period - Ryan Strome wins face-off versus Dylan Larkin in Boston Bruins zone.
3:08 of 2nd period - Juraj Slafkovsky is hit by John-Jason Peterka and loses puck.
4:07 of 2nd period - Slapshot by Alex Vlasic.
4:07 of 2nd period - Deflect By Jake Evans.
4:07 of 2nd period - Stopped by John Gibson without a rebound.
4:08 of 2nd period - Dylan Larkin wins face-off versus Alex Newhook in Montreal Canadiens zone.
4:19 of 2nd period - Slapshot by Vladimir Tarasenko.
4:19 of 2nd period - Stopped by Pyotr Kochetkov with a rebound.
4:21 of 2nd period - Slapshot by Justin Faulk.
4:21 of 2nd period - Stopped by Pyotr Kochetkov without a rebound.
4:22 of 2nd period - Dylan Larkin wins face-off versus Vincent Trocheck in Boston Bruins zone.
4:23 of 2nd period - Wrist shot by Vladimir Tarasenko.
4:23 of 2nd period - Shot Blocked by Vincent Trocheck.
4:25 of 2nd period - Slapshot by Justin Faulk.
4:25 of 2nd period - Stopped by Pyotr Kochetkov without a rebound.
4:26 of 2nd period - Vincent Trocheck wins face-off versus Dylan Larkin in Boston Bruins zone.
4:53 of 2nd period - Evander Kane is hit by Teddy Blueger.
5:21 of 2nd period - Wrist shot by Ryan Strome.
5:21 of 2nd period - Shot Misses the Net.
5:23 of 2nd period - Wrist shot by Ryan Strome.
5:23 of 2nd period - Stopped by John Gibson with a rebound.
5:25 of 2nd period - Wrist shot by John-Jason Peterka.
5:25 of 2nd period - Shot Misses the Net.
5:40 of 2nd period - Off-side.
5:41 of 2nd period - Ethen Frank wins face-off versus Vincent Trocheck in neutral zone.
6:06 of 2nd period - Ilya Lyubushkin is hit by Alex Newhook and loses puck.
6:20 of 2nd period - Minor Penalty to Evander Kane for Holding.
6:21 of 2nd period - Dylan Larkin wins face-off versus Vincent Trocheck in Boston Bruins zone.
6:26 of 2nd period - Slapshot by Juraj Slafkovsky.
6:26 of 2nd period - Shot Misses the Net.
6:28 of 2nd period - Wrist shot by Dylan Larkin.
6:28 of 2nd period - Shot Misses the Net.
6:30 of 2nd period - Slapshot by Dylan Larkin.
6:30 of 2nd period - Shot Blocked by Vincent Trocheck.
6:32 of 2nd period - Snap shot by Vladimir Tarasenko.
6:32 of 2nd period - Shot Misses the Net.
6:34 of 2nd period - Slapshot by Damon Severson.
6:34 of 2nd period - Deflect By Dylan Larkin.
6:34 of 2nd period - Deflect By Jonathan Marchessault.
6:34 of 2nd period - Shot Misses the Net.
6:34 of 2nd period - Puck is out of play.
6:35 of 2nd period - Patrik Laine wins face-off versus Alex Newhook in Boston Bruins zone.
6:36 of 2nd period - Wrist shot by Martin Necas.
6:36 of 2nd period - Stopped by Pyotr Kochetkov with a rebound.
6:46 of 2nd period - Snap shot by Martin Necas.
6:46 of 2nd period - Stopped by Pyotr Kochetkov without a rebound.
6:47 of 2nd period - Alex Newhook wins face-off versus Patrik Laine in Boston Bruins zone.
8:20 of 2nd period - Penalty to Evander Kane is over, Evander Kane is back on ice.
8:26 of 2nd period - Icing by Cam York.
8:27 of 2nd period - Ethen Frank wins face-off versus Ryan Strome in Boston Bruins zone.
9:17 of 2nd period - Off-side.
9:18 of 2nd period - Jake Evans wins face-off versus Alex Newhook in neutral zone.
9:37 of 2nd period - Wrist shot by Martin Necas.
9:37 of 2nd period - Shot Blocked by Alex Newhook.
9:39 of 2nd period - Slapshot by Martin Necas.
9:39 of 2nd period - Stopped by Pyotr Kochetkov with a rebound.
9:45 of 2nd period - Slapshot by Adam Fox.
9:45 of 2nd period - Shot Misses the Net.
9:47 of 2nd period - Slapshot by Ilya Lyubushkin.
9:47 of 2nd period - Stopped by Pyotr Kochetkov with a rebound.
9:51 of 2nd period - Snap shot by Martin Necas.
9:51 of 2nd period - Stopped by Pyotr Kochetkov without a rebound.
9:52 of 2nd period - Vincent Trocheck wins face-off versus Dylan Larkin in Boston Bruins zone.
9:59 of 2nd period - Icing by Dylan Larkin.
10:00 of 2nd period - Dylan Larkin wins face-off versus Vincent Trocheck in Montreal Canadiens zone.
10:00 of 2nd period - Dylan Larkin is hit by Vincent Trocheck.
10:08 of 2nd period - Snap shot by Jonathan Marchessault.
10:08 of 2nd period - Stopped by John Gibson with a rebound.
10:10 of 2nd period - Snap shot by Vincent Trocheck.
10:10 of 2nd period - Shot Misses the Net.
10:12 of 2nd period - Wrist shot by Jonathan Marchessault.
10:12 of 2nd period - Shot Blocked by Brady Skjei.
10:14 of 2nd period - Snap shot by Connor Clifton.
10:14 of 2nd period - Shot Misses the Net.
10:16 of 2nd period - Snap shot by Jonathan Marchessault.
10:16 of 2nd period - Stopped by John Gibson without a rebound.
10:17 of 2nd period - John-Jason Peterka wins face-off versus Teddy Blueger in Montreal Canadiens zone.
10:44 of 2nd period - Minor Penalty to Justin Faulk for Holding.
10:45 of 2nd period - Jake Evans wins face-off versus Alex Newhook in Montreal Canadiens zone.
10:54 of 2nd period - Brady Skjei is hit by Torey Krug and loses puck.
11:18 of 2nd period - Wrist shot by Jonathan Marchessault.
11:18 of 2nd period - Shot Misses the Net.
11:26 of 2nd period - Snap shot by Vincent Trocheck.
11:26 of 2nd period - Goal by Vincent Trocheck - Montreal Canadiens : 0 - Boston Bruins : 2.
11:27 of 2nd period - Vincent Trocheck wins face-off versus Dylan Larkin in neutral zone.
11:54 of 2nd period - Alex Vlasic is hit by Aliaksei Protas and loses puck.
12:21 of 2nd period - Snap shot by Teddy Blueger.
12:21 of 2nd period - Stopped by Pyotr Kochetkov with a rebound.
12:23 of 2nd period - Backhand shot by Jack Johnson.
12:23 of 2nd period - Shot Blocked by Evander Kane.
12:39 of 2nd period - Slapshot by Evgeni Dadonov.
12:39 of 2nd period - Stopped by Pyotr Kochetkov with a rebound.
12:41 of 2nd period - Slapshot by Justin Faulk.
12:41 of 2nd period - Shot Misses the Net.
12:43 of 2nd period - Snap shot by Justin Faulk.
12:43 of 2nd period - Shot Blocked by Morgan Geekie.
12:45 of 2nd period - Snap shot by Ethen Frank.
12:45 of 2nd period - Deflect By Evgeni Dadonov.
12:45 of 2nd period - Stopped by Pyotr Kochetkov without a rebound.
12:46 of 2nd period - Vincent Trocheck wins face-off versus Dylan Larkin in Boston Bruins zone.
13:09 of 2nd period - Minor Penalty to Dylan Larkin for High sticking.
13:10 of 2nd period - Alex Newhook wins face-off versus Jake Evans in Montreal Canadiens zone.
13:47 of 2nd period - Wrist shot by Joel Farabee.
13:47 of 2nd period - Shot Misses the Net.
13:49 of 2nd period - Snap shot by Evander Kane.
13:49 of 2nd period - Goal by Evander Kane - Montreal Canadiens : 0 - Boston Bruins : 3.
13:50 of 2nd period - Dylan Larkin wins face-off versus Ryan Strome in neutral zone.
15:05 of 2nd period - Snap shot by Patrik Laine.
15:05 of 2nd period - Shot Misses the Net.
17:18 of 2nd period - Cam York is hit by Damon Severson and loses puck.
17:33 of 2nd period - Slapshot by Alex Newhook.
17:33 of 2nd period - Shot Misses the Net.
17:45 of 2nd period - Slapshot by Morgan Geekie.
17:45 of 2nd period - Shot Misses the Net.
18:01 of 2nd period - Minor Penalty to Ethen Frank for Tripping.
18:02 of 2nd period - Alex Newhook wins face-off versus Jake Evans in Montreal Canadiens zone.
19:06 of 2nd period - Icing by Torey Krug.
19:07 of 2nd period - Vincent Trocheck wins face-off versus Aliaksei Protas in Boston Bruins zone.
Goals for this period are 0 for Montreal Canadiens vs 2 for Boston Bruins.
Shots for this period are 15 for Montreal Canadiens vs 7 for Boston Bruins.
3rd period
0:01 of 3rd period - Penalty to Ethen Frank is over, Ethen Frank is back on ice.
0:01 of 3rd period - Vincent Trocheck wins face-off versus Jake Evans in neutral zone.
0:08 of 3rd period - Snap shot by Jonathan Marchessault.
0:08 of 3rd period - Shot Misses the Net.
0:33 of 3rd period - Snap shot by Joel Farabee.
0:33 of 3rd period - Shot Misses the Net.
0:35 of 3rd period - Snap shot by Alex Newhook.
0:35 of 3rd period - Stopped by John Gibson without a rebound.
0:36 of 3rd period - Dylan Larkin wins face-off versus Ryan Strome in Montreal Canadiens zone.
0:46 of 3rd period - Anders Lee and Adam Fox fight to a draw.
0:46 of 3rd period - Penalty to Anders Lee for Fighting.
0:46 of 3rd period - Penalty to Adam Fox for Fighting.
0:47 of 3rd period - Alex Newhook wins face-off versus Dylan Larkin in neutral zone.
0:54 of 3rd period - Slapshot by Cam York.
0:54 of 3rd period - Stopped by John Gibson with a rebound.
0:56 of 3rd period - Snap shot by Evander Kane.
0:56 of 3rd period - Stopped by John Gibson with a rebound.
0:58 of 3rd period - Snap shot by Evander Kane.
0:58 of 3rd period - Shot Blocked by Brady Skjei.
1:12 of 3rd period - Juraj Slafkovsky is hit by Vincent Trocheck and loses puck.
2:17 of 3rd period - Snap shot by Vladimir Tarasenko.
2:17 of 3rd period - Deflect By Dylan Larkin.
2:17 of 3rd period - Deflect By Ryan Strome.
2:17 of 3rd period - Shot Misses the Net.
2:17 of 3rd period - Puck is out of play.
2:18 of 3rd period - Alex Newhook wins face-off versus Jake Evans in Boston Bruins zone.
2:18 of 3rd period - Alex Newhook is hit by Aliaksei Protas.
2:44 of 3rd period - Slapshot by Alex Iafallo.
2:44 of 3rd period - Stopped by Pyotr Kochetkov without a rebound.
2:45 of 3rd period - Vincent Trocheck wins face-off versus Ethen Frank in Boston Bruins zone.
2:51 of 3rd period - Off-side.
2:52 of 3rd period - Jake Evans wins face-off versus Vincent Trocheck in neutral zone.
3:04 of 3rd period - Wrist shot by Jake Evans.
3:04 of 3rd period - Shot Misses the Net.
3:20 of 3rd period - Snap shot by Alex Newhook.
3:20 of 3rd period - Shot Blocked by Teddy Blueger.
3:22 of 3rd period - Slapshot by Torey Krug.
3:22 of 3rd period - Stopped by John Gibson with a rebound.
3:24 of 3rd period - Snap shot by Alex Newhook.
3:24 of 3rd period - Shot Misses the Net.
3:26 of 3rd period - Wrist shot by Torey Krug.
3:26 of 3rd period - Stopped by John Gibson with a rebound.
3:28 of 3rd period - Slapshot by Alex Newhook.
3:28 of 3rd period - Stopped by John Gibson without a rebound.
3:29 of 3rd period - Ryan Strome wins face-off versus Martin Necas in Montreal Canadiens zone.
3:30 of 3rd period - Wrist shot by John-Jason Peterka.
3:30 of 3rd period - Shot Blocked by Brady Skjei.
3:32 of 3rd period - Snap shot by John-Jason Peterka.
3:32 of 3rd period - Goal by John-Jason Peterka - Montreal Canadiens : 0 - Boston Bruins : 4.
3:33 of 3rd period - Alex Newhook wins face-off versus Dylan Larkin in neutral zone.
3:39 of 3rd period - Minor Penalty to Damon Severson for Tripping.
3:40 of 3rd period - Vincent Trocheck wins face-off versus Jake Evans in Montreal Canadiens zone.
4:05 of 3rd period - Evander Kane is hit by Justin Faulk and loses puck.
4:14 of 3rd period - Snap shot by Teddy Blueger.
4:14 of 3rd period - Stopped by Pyotr Kochetkov with a rebound.
5:38 of 3rd period - Ryan Lindgren is hit by Patrik Laine and loses puck.
5:39 of 3rd period - Penalty to Damon Severson is over, Damon Severson is back on ice.
5:57 of 3rd period - Wrist shot by John-Jason Peterka.
5:57 of 3rd period - Stopped by John Gibson with a rebound.
5:59 of 3rd period - Snap shot by Ryan Strome.
5:59 of 3rd period - Shot Blocked by Ilya Lyubushkin.
6:01 of 3rd period - Wrist shot by John-Jason Peterka.
6:01 of 3rd period - Stopped by John Gibson with a rebound.
6:03 of 3rd period - Slapshot by Yegor Zamula.
6:03 of 3rd period - Stopped by John Gibson without a rebound.
6:04 of 3rd period - Dylan Larkin wins face-off versus Eetu Luostarinen in Montreal Canadiens zone.
6:30 of 3rd period - Andreas Athanasiou is hit by Anders Lee and loses puck.
6:39 of 3rd period - Ryan Strome is hit by Teddy Blueger.
7:27 of 3rd period - Aliaksei Protas is hit by Morgan Geekie and loses puck.
8:14 of 3rd period - Wrist shot by Dylan Larkin.
8:14 of 3rd period - Shot Misses the Net.
8:22 of 3rd period - Snap shot by Vladimir Tarasenko.
8:22 of 3rd period - Goal by Vladimir Tarasenko - Montreal Canadiens : 1 - Boston Bruins : 4.
8:23 of 3rd period - Jake Evans wins face-off versus Evander Kane in neutral zone.
8:28 of 3rd period - Cam York is hit by Jake Evans and loses puck.
8:57 of 3rd period - Wrist shot by Teddy Blueger.
8:57 of 3rd period - Shot Misses the Net.
8:59 of 3rd period - Slapshot by Teddy Blueger.
8:59 of 3rd period - Shot Blocked by Jonathan Marchessault.
9:09 of 3rd period - Snap shot by Ryan Strome.
9:09 of 3rd period - Shot Misses the Net.
9:11 of 3rd period - Slapshot by Alex Vlasic.
9:11 of 3rd period - Deflect By Dylan Larkin.
9:11 of 3rd period - Stopped by John Gibson with a rebound.
9:13 of 3rd period - Wrist shot by Anders Lee.
9:13 of 3rd period - Shot Misses the Net.
9:15 of 3rd period - Slapshot by Alex Vlasic.
9:15 of 3rd period - Stopped by John Gibson without a rebound.
9:16 of 3rd period - Jake Evans wins face-off versus Alex Newhook in Montreal Canadiens zone.
9:43 of 3rd period - Jonathan Marchessault is hit by Andreas Athanasiou.
9:55 of 3rd period - Snap shot by Vincent Trocheck.
9:55 of 3rd period - Shot Hit the Post.
9:57 of 3rd period - Slapshot by Andrew Copp.
9:57 of 3rd period - Stopped by John Gibson with a rebound.
10:07 of 3rd period - Snap shot by John-Jason Peterka.
10:07 of 3rd period - Stopped by John Gibson without a rebound.
10:08 of 3rd period - Dylan Larkin wins face-off versus Ryan Strome in Montreal Canadiens zone.
10:17 of 3rd period - Wrist shot by Vladimir Tarasenko.
10:17 of 3rd period - Stopped by Pyotr Kochetkov without a rebound.
10:18 of 3rd period - Dylan Larkin wins face-off versus Alex Newhook in Boston Bruins zone.
10:21 of 3rd period - Snap shot by Vladimir Tarasenko.
10:21 of 3rd period - Stopped by Pyotr Kochetkov with a rebound.
12:07 of 3rd period - Snap shot by Andrew Copp.
12:07 of 3rd period - Stopped by John Gibson with a rebound.
12:27 of 3rd period - Wrist shot by Patrik Laine.
12:27 of 3rd period - Shot Misses the Net.
12:33 of 3rd period - Ilya Lyubushkin is hit by Yegor Zamula and loses puck.
12:38 of 3rd period - Snap shot by Morgan Geekie.
12:38 of 3rd period - Shot Blocked by Adam Fox.
12:48 of 3rd period - Torey Krug is hit by Ilya Lyubushkin.
13:35 of 3rd period - Jack Johnson is hit by Andrew Copp and loses puck.
14:14 of 3rd period - Snap shot by Martin Necas.
14:14 of 3rd period - Stopped by Pyotr Kochetkov with a rebound.
14:16 of 3rd period - Snap shot by Martin Necas.
14:16 of 3rd period - Shot Misses the Net.
14:49 of 3rd period - Slapshot by Vincent Trocheck.
14:49 of 3rd period - Stopped by John Gibson with a rebound.
14:59 of 3rd period - Wrist shot by Vincent Trocheck.
14:59 of 3rd period - Shot Misses the Net.
15:01 of 3rd period - Slapshot by Ryan Lindgren.
15:01 of 3rd period - Shot Misses the Net.
15:49 of 3rd period - Slapshot by Morgan Geekie.
15:49 of 3rd period - Shot Misses the Net.
15:51 of 3rd period - Snap shot by Michael Rasmussen.
15:51 of 3rd period - Shot Misses the Net.
16:09 of 3rd period - Slapshot by Evgeni Dadonov.
16:09 of 3rd period - Shot Misses the Net.
16:11 of 3rd period - Slapshot by Brady Skjei.
16:11 of 3rd period - Stopped by Pyotr Kochetkov without a rebound.
16:12 of 3rd period - Alex Newhook wins face-off versus Ethen Frank in Boston Bruins zone.
16:12 of 3rd period - Alex Newhook is hit by Ethen Frank.
16:15 of 3rd period - Minor Penalty to Yegor Zamula for High sticking.
16:16 of 3rd period - Dylan Larkin wins face-off versus Alex Newhook in Boston Bruins zone.
16:20 of 3rd period - Snap shot by Dylan Larkin.
16:20 of 3rd period - Shot Misses the Net.
16:22 of 3rd period - Slapshot by Juraj Slafkovsky.
16:22 of 3rd period - Shot Misses the Net.
16:42 of 3rd period - Andrew Copp is hit by Martin Necas and loses puck.
18:15 of 3rd period - Penalty to Yegor Zamula is over, Yegor Zamula is back on ice.
18:48 of 3rd period - Wrist shot by Evgeni Dadonov.
18:48 of 3rd period - Stopped by Pyotr Kochetkov without a rebound.
18:49 of 3rd period - Eetu Luostarinen wins face-off versus Teddy Blueger in Boston Bruins zone.
18:56 of 3rd period - Slapshot by Morgan Geekie.
18:56 of 3rd period - Stopped by John Gibson with a rebound.
19:12 of 3rd period - Slapshot by Joel Farabee.
19:12 of 3rd period - Stopped by John Gibson without a rebound.
19:13 of 3rd period - Jake Evans wins face-off versus Alex Newhook in Montreal Canadiens zone.
19:13 of 3rd period - Jake Evans is hit by Alex Newhook.
19:21 of 3rd period - Wrist shot by Martin Necas.
19:21 of 3rd period - Shot Misses the Net.
19:37 of 3rd period - Alex Newhook is hit by Andreas Athanasiou.
Goals for this period are 1 for Montreal Canadiens vs 1 for Boston Bruins.
Shots for this period are 8 for Montreal Canadiens vs 18 for Boston Bruins.
Back to the Top